 Dungeon Crawl Stone Soup version 0.29-a0-362-g5854e031c7 (webtiles) character file.

Game seed: 7556456594712506618

1299 sammy202020 the Skirmisher (level 8, -2/64 HPs)
             Began as a Demonspawn Berserker on Apr 30, 2022.
             Was a Believer of Trog.
             Slain by a yak (11 damage)
             ... on level 5 of the Dungeon.
             The game lasted 00:09:23 (6346 turns).

sammy202020 the Skirmisher (Demonspawn Berserker)   Turns: 6346, Time: 00:09:24

Health: -2/64      AC: 15    Str: 18    XL:     8   Next: 31%
Magic:  8/8        EV:  6    Int: 13    God:    Trog [**....]
Gold:   345        SH:  0    Dex: 12    Spells: 7/7 levels left

rFire   . . .      SeeInvis .   a - +1 hand axe
rCold   . . .      Faith    .   (no shield)
rNeg    . . .      Spirit   .   o - +0 plate armour
rPois   +          Reflect  .   f - +2 hat
rElec   .          Harm     .   s - +1 cloak {rPois}
rCorr   .          Rampage  .   (no gloves)
Will    ++...                   (no boots)
Stlth   ..........              (no amulet)
HPRegen 1.20/turn               (no ring)
MPRegen 0.11/turn               (no ring)

@: strong-willed, on berserk cooldown, regenerating, slowed, very slow
A: powered by death 2, big brain 1, demonic touch 2
a: Renounce Religion, Berserk, Trog's Hand


You were on level 5 of the Dungeon.
You worshipped Trog.
Trog was pleased with you.
You visited 1 branch of the dungeon, and saw 5 of its levels.
You also visited: Ossuary.

You collected 345 gold pieces.

Inventory:

Hand Weapons
 a - a +1 hand axe (weapon)
 j - a +0 mace
Missiles
 k - 5 atropa-tipped darts (quivered)
 q - 6 boomerangs
Armour
 f - a +2 hat (worn)
 o - a +0 plate armour (worn)
 s - a +1 cloak of poison resistance (worn)
Jewellery
 e - a ring of magical power
Scrolls
 b - 2 scrolls of amnesia
 i - a scroll of fog
 l - 2 scrolls of blinking
 m - 3 scrolls of magic mapping
 p - a scroll of fear
 u - 3 scrolls of enchant weapon
 z - a scroll of enchant armour
Potions
 c - a potion of magic
 d - a potion of berserk rage
 g - 2 potions of curing
 h - a potion of might {unknown}
 n - a potion of resistance
 r - a potion of heal wounds
 t - a potion of invisibility {unknown}
 v - 2 potions of flight {unknown}
 w - a potion of haste {unknown}
 x - 2 potions of mutation {unknown}


   Skills:
 * Level 6.0 Fighting
 * Level 5.3 Axes
 + Level 3.5 Armour
 + Level 3.6 Dodging
 * Level 4.2 Unarmed Combat


You had 7 spell levels left.
You didn't know any spells.
Your spell library was empty.

Dungeon Overview and Level Annotations

Branches:
Dungeon (5/15)            Ossuary (visited)
 Temple: D:4-7

Altars:
Fedhas

Shops:
D:1 *   D:2 =


Innate Abilities, Weirdness & Mutations

You regenerate health from kills.
You have an unusually large brain. (Int +2)
Your touch may inflict irresistible damage on your foes.


Message History

You hit the yak but do no damage.
You touch the yak.
The yak is almost dead.
You feel the effects of Trog's Hand fading.
The yak closely misses you.
You hit the yak.
You kill the yak!
Trog accepts your kill. The yak gores you!
Your Fighting skill increases to level 6!
You completely miss the yak. Your touch misses the yak.
The yak barely misses you. The yak gores you.
You slash the yak!
The yak is lightly wounded.
Your skin stops crawling.
You feel less strong-willed. The yak barely misses you.
You slash the yak!
The yak is moderately wounded.
The yak gores you but does no damage. The yak gores you.
You hit the yak but do no damage.
You touch the yak.
The yak is heavily wounded.
The yak gores you.
You hit the yak.
The yak is heavily wounded.
The yak gores you.
* * * LOW HITPOINT WARNING * * *
The yak gores you but does no damage.
Unknown command.
You hit the yak. Your touch misses the yak.
The yak is severely wounded.
The yak gores you!
* * * LOW HITPOINT WARNING * * *
Your skin crawls.
You feel strong-willed. The yak gores you.
* * * LOW HITPOINT WARNING * * *
The yak gores you but does no damage.
You hit the yak.
The yak is severely wounded.
The yak gores you!
You die...

##+##..♣#....#######.#
#...##..+.#### #.#
#....##♣### #.#
#.....#### #.# #........#
####.# #....Y...#
######....# #.......Y#
#....#.####
###..###Y###....#.#######
### #@#.'.............
.... #.#.#....########.
..... #.#.#........ .
......#.#.#....#### #
[.........#<...#
....#...####..... ..
+.... ......#
##.......##### ......


You could see 2 yaks.

Vanquished Creatures
  Grinder (D:3)
  2 yaks (D:5)
  A water moccasin (D:4)
  A phantom (D:4)
  An elf zombie (Ossuary)
  A necrophage (D:4)
  A scorpion (D:5)
  A human zombie (Ossuary)
  A hound (D:4)
  A jelly (D:5)
  Crazy Yiuf (D:3)
  Natasha (thrice) (D:2)
  2 hound zombies (Ossuary)
  4 mummies (Ossuary)
  Robin (D:2)
  9 adders
  An adder zombie (Ossuary)
  3 worms
  6 ball pythons
  6 bats
  5 endoplasms
  A giant cockroach (D:1)
  11 goblins
  6 hobgoblins
  7 kobolds
  7 quokkas
  5 frilled lizards
  2 goblin zombies (Ossuary)
  3 kobold zombies (Ossuary)
  An orc zombie (Ossuary)
  10 rats
  A rat zombie (Ossuary)
106 creatures vanquished.

Notes
Turn   | Place    | Note
-------+----------+-------------------------------------------
     0 | D:1      | sammy202020 the Demonspawn Berserker began the quest for
                  | the Orb.
     0 | D:1      | Reached XP level 1. HP: 18/18 MP: 1/1
    15 | D:1      | Found Iseboo's General Store.
   271 | D:1      | Gained mutation: Your touch may inflict minor irresistible
                  | damage on your foes. [demonic ancestry]
   271 | D:1      | Reached XP level 2. HP: 20/24 MP: 2/2
   660 | D:1      | Found a faded altar of an unknown god.
  1093 | D:2      | Reached ** piety under Trog
  1109 | D:2      | Gained mutation: You regenerate a little health from kills.
                  | [demonic ancestry]
  1109 | D:2      | Reached XP level 3. HP: 14/29 MP: 3/3
  1112 | D:2      | Found a blossoming altar of Fedhas.
  1898 | D:2      | Reached skill level 1 in Unarmed Combat
  2768 | D:2      | Found Wuommiec's Jewellery Shoppe.
  2857 | D:2      | Reached XP level 4. HP: 37/37 MP: 4/4
  2919 | D:2      | Noticed Natasha
  2928 | D:2      | Killed Natasha
  3132 | D:2      | Noticed Robin
  3158 | D:2      | Killed Robin
  3407 | D:2      | Noticed Natasha
  3429 | D:2      | Killed Natasha
  3430 | D:2      | Reached skill level 4 in Fighting
  3430 | D:2      | Gained mutation: You regenerate health from kills. [demonic
                  | ancestry]
  3430 | D:2      | Reached XP level 5. HP: 21/42 MP: 5/5
  3802 | D:2      | Noticed Natasha
  3811 | D:2      | Killed Natasha
  4052 | D:3      | Noticed Grinder
  4078 | D:3      | Killed Grinder
  4079 | D:3      | Reached XP level 6. HP: 26/49 MP: 6/6
  4664 | D:3      | Found a runed translucent door.
  4665 | D:3      | Noticed Crazy Yiuf
  4768 | D:3      | Killed Crazy Yiuf
  5116 | D:4      | Noticed a water moccasin
  5130 | D:4      | Killed a water moccasin
  5135 | D:4      | Gained mutation: You have an unusually large brain. (Int
                  | +2) [demonic ancestry]
  5135 | D:4      | Reached XP level 7. HP: 13/55 MP: 7/7
  5158 | D:4      | Reached skill level 5 in Fighting
  5689 | D:4      | Found a sand-covered staircase.
  5694 | Ossuary  | Entered an ossuary
  5933 | Ossuary  | Reached *** piety under Trog
  6210 | D:5      | Entered Level 5 of the Dungeon
  6243 | D:5      | Reached skill level 5 in Axes
  6305 | D:5      | Gained mutation: Your touch may inflict irresistible damage
                  | on your foes. [demonic ancestry]
  6305 | D:5      | Reached XP level 8. HP: 63/63 MP: 8/8
  6339 | D:5      | Reached skill level 6 in Fighting
  6346 | D:5      | Slain by a yak

Illustrated notes

Levels and vault maps discovered:
D:1:      amcnicky_arrival_flooded_fountain, layout_loops_ring, serial_shops,
          shop, basic_ecumenical_altar, minmay_bisected
D:2:      layout_loops_corners, serial_shops, shop, basic_altar, uniq_natasha,
          uniq_robin
D:3:      layout_loops_ring, uniq_crazy_yiuf_cottage, uniq_grinder
D:4:      layout_loops_ring, enter_ossuary_2, grunt_ministairs_4
D:5:      layout_basic, grunt_ministairs_8, nicolae_shop_sticking_my_neck_out,
          uniq_pikel, uniq_eustachio

Skill      XL: |  1  2  3  4  5  6  7  8 |
---------------+-------------------------+-----
Dodging        | 2 3 |  3.6
Axes           | 3 4 5 |  5.3
Armour         | 2 3 |  3.5
Unarmed Combat | 1 2 3 4 |  4.2
Fighting       | 4 5 6 |  6.0

Action                   |  1- 3 |  4- 6 |  7- 9 || total
-------------------------+-------+-------+-------++-------
Melee: Hand axe          |   101 |   116 |   154 ||   371
       Touch             |    14 |    17 |    32 ||    63
       Punch             |       |     4 |     5 ||     9
Invok: Berserk           |     2 |     3 |     1 ||     6
       Trog's Hand       |       |     1 |     2 ||     3
  Use: Scroll            |     6 |     8 |     4 ||    18
       Potion            |       |     1 |     1 ||     2
 Stab: Sleeping          |     2 |       |       ||     2
Armor: Animal skin       |    35 |    23 |       ||    58
       Plate armour      |       |    24 |   115 ||   139
Dodge: Dodged            |    65 |    67 |    59 ||   191

Table legend: (Time is in decaauts)
 A = Elapsed time spent in this place.
 B = Non-inter-level travel time spent in this place.
 C = Inter-level travel time spent in this place.
 D = Time resting spent in this place.
 E = Time spent auto-exploring this place.
 F = Levels seen in this place.
 G = Mean time per level.
                   A        B        C        D        E       F      G
               +--------+--------+--------+--------+--------+-----+--------+
         Total |   6442 |   6309 |    133 |   1167 |   4200 |   6 | 1073.7 |
       Dungeon |   6046 |   5913 |    133 |   1167 |   3920 |   5 | 1209.2 |
       Ossuary |    396 |    396 |      0 |      0 |    280 |   1 |  396.0 |
               +--------+--------+--------+--------+--------+-----+--------+

Top non-repeatable levels by time:
     D:2: 2900 daAuts
     D:3: 1295 daAuts
     D:1: 991 daAuts
     D:4: 718 daAuts
 Ossuary: 396 daAuts
     D:5: 138 daAuts
